 Dungeon Crawl Stone Soup version 0.31-a0-188-g5e087ee2ca (webtiles) character file.

Game seed: 4436881761431647666

44 qw the Shooter (level 3, -6/20 HPs)
             Began as a Deep Elf Hunter on June 22, 2023.
             Mangled by Sigmund
             ... wielding a +0 scythe
              (8 damage)
             ... on level 2 of the Dungeon.
             The game lasted 00:00:23 (985 turns).

qw the Shooter (Deep Elf Hunter)                     Turns: 985, Time: 00:00:23

Health: -6/20      AC:  6    Str: 10    XL:     3   Next: 39%
Magic:  5/5        EV: 11    Int: 13    God:
Gold:   61         SH:  0    Dex: 18    Spells: 2/2 levels left

rFire   . . .        Y - +0 shortbow
rCold   . . .        (shield currently unavailable)
rNeg    . . .        b - +0 ring mail
rPois   .            (no helmet)
rElec   .            (no cloak)
rCorr   .            (no gloves)
SInv    .            e - +0 pair of boots
Will    .....        (no amulet) Stlth
                     (no ring)
HPRegen 0.23/turn    (no ring)
MPRegen 0.09/turn

%: no passive effects
@: confused
A: no striking features
a: no special abilities


You were on level 2 of the Dungeon.
You visited 1 branch of the dungeon, and saw 2 of its levels.

You collected 61 gold pieces.


   Skills:
 - Level 1.5 Fighting
 + Level 7.0 Ranged Weapons
 - Level 2.4 Dodging
 - Level 1.2 Stealth


You had 2 spell levels left.
You didn't know any spells.
Your spell library was empty.

Inventory:

Hand Weapons
 Y - a +0 shortbow (weapon)
Armour
 b - a +0 ring mail (worn)
 d - a +0 helmet
 e - a +0 pair of boots (worn)
 k - a +0 cloak
Scrolls
 i - a scroll of identify
 j - a scroll of vulnerability {unknown}
Potions
 a - a potion of enlightenment {unknown}
 c - a potion of resistance {unknown}
 f - a potion of mutation {unknown}
 g - 2 potions of heal wounds
 h - a potion of ambrosia {unknown}

Dungeon Overview and Level Annotations

Branches:
Dungeon (2/15)

Altars:

Annotations:
D:2 Sigmund


Message History

You are confused.
Sigmund says, "I'm your fate."
Sigmund points at you and mumbles some strange words.
The puff of flame hits you.
Sigmund gestures wildly while chanting.
Sigmund flickers and vanishes!
Deactivating autopickup; reactivate with Ctrl-A.
The goblin misses you. The goblin hits you but does no damage.
You feel less confused. The goblin closely misses you.
You shoot an arrow. The arrow hits the goblin!
You kill the goblin!
Something hits you.
Your Ranged Weapons skill increases to level 7!
You shoot an arrow. You shoot an arrow. Something hits you.
You shoot an arrow. Something hits you.
You shoot an arrow. Something hits you but does no damage.
You shoot an arrow. Something hits you but does no damage.
You shoot an arrow. You shoot an arrow.
You hear some strange, mumbled words.
Something tries to affect you, but you resist.
Something hits you!
You shoot an arrow. You shoot an arrow.
You hear some strange, mumbled words.
You are confused.
Something hits you.
You shoot an arrow. You shoot an arrow.
You hear some strange, mumbled words.
You are more confused.
Something hits you!
You die...

.... ###...# #...
###.##
..#.######..######
.........>........
# ###.........###
####.##.#.#
#....#.###
####.....# ####.@#
##.)......
#........
##....... .......
#...... ......
......


There were no monsters in sight!

Vanquished Creatures
  An adder (D:2)
  A worm (D:2)
  A dart slug (D:1)
  4 bats (D:1)
  2 endoplasms
  3 giant cockroaches
  5 goblins
  2 kobolds
  A quokka (D:1)
  4 ball pythons (D:1)
  2 frilled lizards
  2 rats (D:1)
28 creatures vanquished.

Notes
Turn   | Place    | Note
-------+----------+-------------------------------------------
     0 | D:1      | qw the Deep Elf Hunter began the quest for the Orb.
     0 | D:1      | Reached XP level 1. HP: 12/12 MP: 3/3
     0 | D:1      | 0 ||| qw: Version: 0.3-a-9-g12657ce
     0 | D:1      | 0 ||| qw: Game counter: 2980
     0 | D:1      | 0 ||| qw: Always use a shield: true
     0 | D:1      | 0 ||| qw: God list: Okawaru
     0 | D:1      | 0 ||| qw: Allow faded altars: false
     0 | D:1      | 0 ||| qw: Do Orc after D:15 true
     0 | D:1      | 0 ||| qw: Do second Lair branch before Depths: true
     0 | D:1      | 0 ||| qw: Lair rune preference: random
     0 | D:1      | 0 ||| qw: Plans: Normal
     0 | D:1      | 0 ||| PLANNING D:1-11
     4 | D:1      | 4 ||| DROPPING scroll of butterflies.
    76 | D:1      | Reached skill level 6 in Ranged Weapons
    76 | D:1      | Reached XP level 2. HP: 16/16 MP: 4/4
   690 | D:1      | 690 ||| UPGRADING to +0 ring mail.
   700 | D:1      | 700 ||| DROPPING +0 leather armour.
   701 | D:1      | 701 ||| UPGRADING to +0 pair of boots.
   706 | D:1      | 706 ||| READING scroll labelled FAAZEY USSUJ.
   707 | D:1      | 707 ||| DRINKING 2 orange potions.
   806 | D:2      | Reached XP level 3. HP: 20/20 MP: 5/5
   965 | D:2      | Noticed Sigmund
   975 | D:2      | Reached skill level 7 in Ranged Weapons
   981 | D:2      | HP: 2/20 [something (9)]
   985 | D:2      | Mangled by Sigmund

Levels and vault maps discovered:
D:1:      minmay_arrival_stone_box, layout_basic, minmay_pentomino_t4
D:2:      layout_rooms, shapermc_ecumenical_altar_totnotflames,
          minmay_misc_feat_encased, uniq_natasha, uniq_sigmund

Skill      XL: |  1  2  3 |
---------------+----------+-----
Ranged Weapons | 6 7 |  7.0
Fighting       | |  1.5
Dodging        | |  2.4
Stealth        | |  1.2

Action                     || total
---------------------------++-------
   Fire: Shortbow          ||    80
    Use: Scroll            ||     1
         Potion            ||     1
 Armour: Leather armour    ||     2
         Ring mail         ||     7
  Dodge: Dodged            ||     8

Table legend:
 A = Non-vault XP
 B = Vault XP
 C = Vault XP percentage of total XP
 D = Non-vault monster count
 E = Vault monster count
 F = Vault count percentage of total count
                 A         B        C        D         E       F
            +---------+---------+-------+---------+---------+-------
      Total |      54 |       9 |  14.3 |      24 |       4 |  14.3
            +---------+---------+-------+---------+---------+-------
        D:1 |      21 |       9 |  30.0 |      14 |       4 |  22.2
        D:2 |      33 |       0 |   0.0 |      10 |       0 |   0.0
            +---------+---------+-------+---------+---------+-------
